AoeStats
← jantotu

Hideout

509676222Analyzed
1v1 RM · 5d ago on Sep 27, 2026· 67m 49s· 2 players
Game mode
Random Map
Map size
Tiny (2 player)
Population
200
Speed
Normal
Resources
Standard
Victory
Conquest
Starting age
Dark Age
Ending age
Imperial Age
RankedLock teamsTeams togetherTeam positionsShared explorationLock speedFull tech treeHidden civsTurbo modeCheats
Victory
Defeat
🇨🇭 Malay · Switzerland
1259
+16
🇨🇭 Dravidians · Switzerland
1254
-16
VilmosErwin
9:55 Feudal Age
14:07 Castle Age
11:53 Loom
12:27 Stone Mining
13:16 Double-Bit Axe
13:13 Horse Collar
22:06 Gold Mining
22:21 Fletching
23:25 Bodkin Arrow
28:08 Crossbowman
32:18 Imperial Age
31:55 Padded Archer Armor
32:01 Scale Barding Armor
32:06 Forging
32:09 Bow Saw
34:04 Chemistry
33:13 Bracer
35:15 Wheelbarrow
36:31 Two-Man Saw
37:02 Hand Cart
37:30 Husbandry
38:50 Town Watch
40:08 Conscription
40:27 Scale Mail Armor
40:36 Light Cavalry
41:34 Leather Archer Armor
42:59 Thumb Ring
43:58 Ballistics
44:51 Crossbowman
45:41 Elite Elephant Archer
47:58 Chain Mail Armor
48:20 Iron Casting
49:50 Heavy Plow
53:09 Ring Archer Armor
53:40 Blast Furnace
53:01 Chain Barding Armor
54:42 Siege Elephant
61:26 Man-at-Arms
61:52 Gambesons
62:08 Squires
61:54 Arson
62:40 Plate Mail Armor
62:28 Long Swordsman
64:18 Wootz Steel
63:27 Two-Handed Swordsman
64:32 Champion
jantotu
8:16 Loom
10:51 Feudal Age
15:15 Castle Age
14:16 Double-Bit Axe
20:00 Forging
25:40 Horse Collar
30:47 Wheelbarrow
32:45 Hand Cart
32:28 Town Watch
32:16 Elite Skirmisher
35:44 Imperial Age
33:46 Fletching
33:57 Padded Archer Armor
34:44 Bodkin Arrow
35:50 Bracer
36:06 Leather Archer Armor
38:38 Ballistics
39:18 Chemistry
38:54 Bow Saw
39:34 Conscription
39:48 Ring Archer Armor
39:24 Scale Barding Armor
41:42 Iron Casting
41:32 Elite Battle Elephant
42:13 Husbandry
48:14 Blast Furnace
48:10 Masonry
48:05 Siege Engineers
57:41 Thumb Ring
65:05 Forced Levy
64:30 Man-at-Arms
65:10 Squires
65:56 Long Swordsman
66:39 Two-Handed Swordsman
Connection lost

Rejoining the realm…

Still unreachable

The connection could not be restored.

Session expired

The server has moved on; the page needs a fresh start.